 Dungeon Crawl Stone Soup version 0.28-a0-1447-ga5a8893891 (webtiles) character file.

Game seed: 5569174812351014756

103458 testman the Gelid (level 15, -4/115 HPs)
             Began as a White Draconian Conjurer on Jan 11, 2022.
             Was the Champion of Dithmenos.
             Shot with an arrow by Nessos (16 damage)
             ... on level 15 of the Dungeon on Jan 12, 2022.
             The game lasted 03:51:56 (29540 turns).

testman the Gelid (White Draconian Conjurer)       Turns: 29540, Time: 03:51:57

Health: -4/115     AC: 20    Str: 10    XL:     15   Next: 89%
Magic:  31/40      EV: 12    Int: 34    God:    Dithmenos [******]
Gold:   1217       SH:  9    Dex:  9    Spells: 6/39 levels left

rFire   + + .      SeeInvis +   s - +3 Elemental Staff {rElec rF++ rC++ AC+5}
rCold   + + +      Faith    .   u - +1 buckler
rNeg    . . .      Spirit   .   (armour unavailable)
rPois   +          Reflect  +   V - +1 hat {SInv}
rElec   +          Harm     .   J - +0 cloak
rCorr   .          Rampage  .   F - +1 pair of gloves
Will    +....                   j - +1 pair of boots
Stlth   ++++......              W - amulet "Emmor" {Reflect rPois Int+2 SH+5 Stlth+}
HPRegen 0.29/turn               a - ring of magical power
MPRegen 0.27/turn               o - +6 ring of intelligence

@: short of breath, wreathed by umbra
A: breathe frost, AC +9, unfitting armour, cold resistance 1, cold-blooded
a: Breathe Frost, Renounce Religion, Shadow Step, Shadow Form


You were on level 15 of the Dungeon.
You worshipped Dithmenos.
Dithmenos was exalted by your worship.
You visited 3 branches of the dungeon, and saw 23 of its levels.
You also visited: Volcano.

You collected 2674 gold pieces.
You spent 1457 gold pieces at shops.

Inventory:

Hand Weapons
 s - the +3 Elemental Staff (weapon) {rElec rF++ rC++ AC+5}
   (You bought it in a shop on level 7 of the Dungeon)

   If the wielder is skilled in Evocations, they can discharge powerful blasts
   of elemental energy when striking with it.
   It enhances your fire, ice, earth and air magic.
   AC:        It affects your AC (+5).
   rF:        It greatly protects you from fire.
   rC:        It greatly protects you from cold.
   rElec:     It insulates you from electricity.
 D - the +6 trident of a ziggurat {spect, rF+ SInv}
   (You took it off a spriggan on level 5 of the Lair of Beasts)

   When its wielder attacks, the weapon's spirit leaps out and strikes again.
   The spirit shares a part of any damage it takes with its wielder.
   rF:        It protects you from fire.
   SInv:      It lets you see invisible.
Missiles
 k - 3 atropa-tipped darts
 p - 86 poisoned darts (quivered)
 H - a curare-tipped dart
 K - a boomerang of dispersal
 L - 13 boomerangs
 N - 18 javelins
 Z - 5 silver javelins
Armour
 j - a +1 pair of boots (worn)
 n - a scarf of shadows
 u - a +1 buckler (worn)
 F - a +1 pair of gloves (worn)
 J - a +0 cloak (worn)
 V - a +1 hat of see invisible (worn)
Jewellery
 a - a ring of magical power (left hand)
 o - a +6 ring of intelligence (right hand)
 W - the amulet "Emmor" (around neck) {Reflect rPois Int+2 SH+5 Stlth+}
   (You acquired it on level 2 of the Lair of Beasts)

   [amulet of reflection]

   It reflects blocked missile attacks.
   Int:       It affects your intelligence (+2).
   rPois:     It protects you from poison.
   SH:        It affects your SH (+5).
   Stlth:     It makes you more stealthy.
Wands
 r - a wand of charming (14)
 v - a wand of flame (45)
 O - a wand of iceblast (12)
 R - a wand of polymorph (2)
 S - a wand of digging (17)
 U - a wand of acid (2)
Scrolls
 f - 7 scrolls of fog
 m - 6 scrolls of teleportation
 B - 2 scrolls of fear
 C - 2 scrolls of blinking
 I - 3 scrolls of identify
 M - a scroll of noise
 T - 2 scrolls of magic mapping
Potions
 c - 3 potions of haste
 g - 4 potions of heal wounds
 h - a potion of cancellation
 i - 2 potions of mutation
 l - 3 potions of resistance
 q - a potion of magic
 w - 3 potions of flight
 x - 5 potions of attraction
 z - 8 potions of curing
 E - 4 potions of brilliance
 G - 6 potions of lignification
 P - 2 potions of berserk rage
 Q - 2 potions of might
 X - a potion of ambrosia
 Y - a potion of invisibility
Miscellaneous
 b - a phantom mirror
 d - a piece from Xom's chessboard (15/15)
 t - a box of beasts


   Skills:
 - Level 6.1 Fighting
 + Level 8.9 Staves
 - Level 5.0 Dodging
 - Level 1.7 Stealth
 + Level 1.9 Shields
 + Level 12.9 Spellcasting
 - Level 12.1 Conjurations
 - Level 5.0 Hexes
 - Level 3.0 Translocations
 - Level 18.0 Ice Magic
 - Level 3.0 Air Magic
 - Level 9.0 Evocations


You had 6 spell levels left.
You knew the following spells:

 Your Spells              Type           Power      Damage    Failure   Level
a - Magic Dart            Conj           100%       1d8       1%          1
b - Searing Ray           Conj           100%       2d8       1%          2
c - Dazzling Flash        Conj/Hex       100%       N/A       1%          3
d - Fulminant Prism       Conj/Hex       34%        3d16      1%          4
e - Iskenderun's Mystic   Conj/Tloc      65%        2d13      1%          4
f - Hailstorm             Conj/Ice       100%       3d20      1%          4
g - Frozen Ramparts       Ice            100%       1d12      0%          3
h - Ozocubu's Refrigerat  Ice            60%        4d17      1%          7
i - Freezing Cloud        Conj/Ice/Air   60%        6-21      1%          5

Your spell library contained the following spells:

 Spells                   Type           Power      Damage    Failure   Level
 Portal Projectile        Hex/Tloc       98%        N/A       1%          3
 Ice Form                 Ice/Tmut       90%        N/A       1%          4
 Animate Skeleton         Necr           42%        N/A       2%          1
 Pain                     Necr           84%        1d8       2%          1
 Gell's Gravitas          Tloc           42%        N/A       2%          3
 Lesser Beckoning         Tloc           42%        N/A       2%          3
 Teleport Other           Tloc           42%        N/A       2%          3
 Cause Fear               Hex            27%        N/A       3%          4
 Scorch                   Fire           64%        2d8       4%          2
 Irradiate                Conj/Tmut      29%        3d23      6%          5
 Call Canine Familiar     Summ           21%        N/A       8%          3
 Vampiric Draining        Necr           21%        2d7       8%          3
 Leda's Liquefaction      Hex/Erth       27%        N/A       10%         4
 Simulacrum               Ice/Necr       45%        N/A       10%         6
 Blade Hands              Tmut           10%        N/A       58%         5
 Dragon Form              Tmut           10%        N/A       100%        7
 Dragon's Call            Summ           10%        N/A       100%        9


Dungeon Overview and Level Annotations

Branches:
Dungeon (15/15)            Temple (0/1) D:6            Lair (6/6) D:8
 Shoals (0/4) Lair:3       Spider (0/4) Lair:2        Slime (0/5) Lair:6
    Orc (2/2) D:9             Elf (0/3) Orc:2        Vaults (0/5) D:14
 Depths (0/4) D:15        Volcano (visited)

Altars:
Dithmenos
Hepliaklqana
Kikubaaqudgha
Nemelex Xobeh
Okawaru
Trog
Uskayaw
Vehumet
Wu Jian
Beogh

Shops:
D:2 ?   D:7 *=?   Orc:2 [*:!

Portals:
Trove: D:12 (give 7 scrolls of blinking)

Annotations:
D:9 2 runed translucent doors
D:12 1 runed translucent door, exclusion: orange crystal statue
D:15 Nessos
Lair:1 1 runed translucent door, taxman66's ghost, journeyman DrFE


Innate Abilities, Weirdness & Mutations

You can breathe waves of freezing cold which knock back foes.
Your icy white scales are hard. (AC +9)
You cannot fit into any form of body armour.
Your flesh is cold resistant. (rC+)
You are cold-blooded and may be slowed by cold attacks.


Message History

You feel sick.
Nessos shoots an arrow.
The arrow hits you!! The arrow burns you.
You are more poisoned.
You feel very sick.
You feel very sick.
You feel better.
Your magical effects are unravelling.
You feel magically purged.
Your transformation has ended.
The +3 Elemental Staff {rElec rF++ rC++ AC+5} unmelds from your body.
Your +0 cloak unmelds from your body.
Your +1 hat of see invisible unmelds from your body.
Your +1 pair of gloves unmelds from your body.
Your +1 pair of boots unmelds from your body.
Your +1 buckler unmelds from your body.
Your ring of magical power unmelds from your body.
Your +6 ring of intelligence unmelds from your body.
You feel perceptive.
You feel your magic capacity increase.
You feel clever.
Nessos shoots an arrow.
The arrow hits you!
* * * LOW HITPOINT WARNING * * *
The arrow burns you.
* * * LOW HITPOINT WARNING * * *
Nessos stands on their hind legs for a moment.
Nessos shoots an arrow.
The arrow completely misses you.
Press: ? - help, v - describe, . - travel
Here: Nessos, wielding a +3 longbow of flaming, wearing a +0 barding, quivering arrows and carrying a wand of polymorph (1) (fast, umbra)
The floor, spattered with blood.
Aiming: Breathe Frost (1% risk of failure)
Press: ? - help, Shift-Dir - straight line, f - Nessos
Aim: Nessos, wielding a +3 longbow of flaming, wearing a +0 barding, quivering arrows and carrying a wand of polymorph (1) (fast, umbra, 83% to hit)
You exhale a wave of freezing cold.
The freezing breath hits Nessos!!
Nessos is moderately wounded.
Nessos is blown backwards by the freezing wind.
Nessos shoots an arrow.
The arrow hits you!!
* * * LOW HITPOINT WARNING * * *
The arrow burns you.
* * * LOW HITPOINT WARNING * * *
Nessos shoots an arrow.
The arrow hits you!
You die...

#.#..#### #
#.......#.#
..###..##.#$#
.####.......#
###......###.###
#.....######.c####
#.....# #§....c.#
....).# #§##.##.#
#.....# #§#..##@#
#.....# #c#.###.#
...#### #§#§###.#
##.# #§c§§...#
##.# ###§#####
##.# #.# ##.###
#.# .....#######.#
...#.........#


You could see Nessos (fast).

Vanquished Creatures
  The ghost of Dowoeg the Nimble, a journeyman DjWn of Fedhas (Lair:5)
  3 dire elephants
  A great orb of eyes (D:15)
  Josephine (D:14)
  6 hydras
  The ghost of Foxy the Spear-Bearer, a novice OgFi of Okawaru (D:7)
  2 vault guards (D:14)
  3 boulder beetles
  3 catoblepae
  Erica (D:8)
  2 two-headed ogres
  3 centaur warriors
  2 tengu warriors (D:12)
  A deep troll shaman (Lair:6)
  14 death yaks
  Urug (Lair:3)
  An orc high priest (Orc:1)
  A sun demon (Volcano)
  8 orc knights
  3 harpies (D:14)
  An orc sorcerer (Volcano)
  9 ugly things
  A wolf spider (D:15)
  4 manticores
  2 cyclopes
  8 elephants
  A moth of wrath (D:7)
  A torpor snail (Lair:6)
  4 black mambas
  2 molten gargoyles (Volcano)
  A black mamba (shapeshifter) (D:13)
  10 cane toads
  A gargoyle (D:12)
  4 komodo dragons
  2 rime drakes
  Psyche (D:8)
  A demonic crawler (Lair:2)
  Maggie (D:7)
  An unseen horror (D:11)
  An unseen horror (shapeshifter) (D:14)
  2 efreet
  8 trolls
  A red devil (Volcano)
  A wind drake (Lair:3)
  5 polar bears
  2 hornets (Lair:5)
  13 blink frogs
  10 dream sheep
  5 slime creatures (D:13)
  A centaur simulacrum (D:15)
  5 wyverns
  3 spriggans (Lair:5)
  7 wraiths
  Sigmund (D:6)
  4 water elementals (D:10)
  Eustachio (D:6)
  A fire bat (Volcano)
  9 humans (D:14)
  45 yaks
  6 basilisks
  8 vampire mosquitoes
  Edmund (D:4)
  7 wargs
  2 acid dragons
  4 hell hounds
  16 water moccasins
  Duvessa (D:5)
  36 orc warriors
  An ice beast (D:7)
  3 black bears
  9 ogres
  A necrophage (D:4)
  3 sky beasts
  5 boggarts
  19 wolves
  2 centaurs
  2 phantoms
  14 bullfrogs
  A kobold brigand (D:8)
  3 gnoll sergeants
  6 scorpions
  Dowan (D:5)
  3 wights (D:8)
  6 killer bees (D:7)
  5 electric eels
  4 howler monkeys (D:11)
  4 lava snakes (Volcano)
  2 centaur zombies
  A bullfrog zombie (D:4)
  3 jellies
  9 orc priests
  4 hounds
  3 centaur skeletons
  Jessica (D:3)
  17 orc wizards
  An iguana (D:7)
  A killer bee zombie (D:8)
  2 howler monkey zombies
  8 gnolls
  3 adders
  A howler monkey skeleton (D:7)
  A white imp (D:6)
  An ufetubus (D:5)
  5 worms
  A dart slug (D:5)
  81 orcs
  3 ball pythons
  2 bats
  8 endoplasms
  6 giant cockroaches
  6 hobgoblins
  8 jackals
  3 quokkas
  5 frilled lizards
  10 goblins
  8 kobolds
  7 rats
622 creatures vanquished.

Vanquished Creatures (others)
  A death yak (Lair:6)
  A human (D:14)
  A bush (Lair:3)
  45 fulminant prisms
  64 fungi
  74 plants
  A withered plant (D:14)
187 creatures vanquished.

Grand Total: 809 creatures vanquished

Notes
Turn   | Place    | Note
-------+----------+-------------------------------------------
     0 | D:1      | testman the Draconian Conjurer began the quest for the Orb.
     0 | D:1      | Reached XP level 1. HP: 14/14 MP: 3/3
   708 | D:1      | Reached XP level 2. HP: 20/20 MP: 5/5
   745 | D:1      | Learned a level 2 spell: Searing Ray
  1292 | D:2      | Found Qiyk's Magic Scroll Emporium.
  1302 | D:2      | Bought a scroll of identify for 28 gold pieces
  1459 | D:2      | Found a faded altar of an unknown god.
  1679 | D:2      | Reached XP level 3. HP: 26/26 MP: 7/7
  1683 | D:2      | Learned a level 3 spell: Dazzling Flash
  2142 | D:3      | Reached skill level 1 in Hexes
  2358 | D:3      | Noticed Jessica
  2364 | D:3      | Killed Jessica
  2365 | D:3      | Reached XP level 4. HP: 33/33 MP: 8/8
  2524 | D:3      | Found a hide-covered altar of Uskayaw.
  2524 | D:3      | Found a sparkling altar of Nemelex Xobeh.
  2532 | D:3      | Found a faded altar of an unknown god.
  2534 | D:3      | Found an iron altar of Okawaru.
  2535 | D:3      | Found a shadowy altar of Dithmenos.
  2542 | D:3      | Became a worshipper of Dithmenos the Shadowed
  2646 | D:4      | Identified the +0 ring mail "Xymi" {Str+3 Int+3}
  2724 | D:4      | Reached skill level 5 in Conjurations
  2787 | D:4      | Noticed a necrophage
  2817 | D:4      | Killed a necrophage
  2818 | D:4      | Reached XP level 5. HP: 37/38 MP: 9/10
  3074 | D:4      | Noticed Edmund
  3239 | D:4      | Reached XP level 6. HP: 41/45 MP: 11/11
  3424 | D:4      | Killed Edmund
  3693 | D:5      | Entered Level 5 of the Dungeon
  3788 | D:5      | Reached * piety under Dithmenos
  3827 | D:5      | Your scales start taking on an icy white colour.
  3827 | D:5      | Reached XP level 7. HP: 41/50 MP: 14/14
  3827 | D:5      | Gained mutation: Your flesh is cold resistant. (rC+) [White
                  | Draconian growth]
  3899 | D:5      | Reached skill level 5 in Spellcasting
  3992 | D:5      | Noticed Duvessa
  3999 | D:5      | Learned a level 4 spell: Fulminant Prism
  4001 | D:5      | Noticed Dowan
  4014 | D:5      | Killed Dowan
  4020 | D:5      | Killed Duvessa
  4905 | D:5      | Reached XP level 8. HP: 52/57 MP: 16/16
  5162 | D:6      | Noticed Eustachio
  5171 | D:6      | Killed Eustachio
  5556 | D:6      | Noticed Sigmund
  5559 | D:6      | Killed Sigmund
  5598 | D:6      | Found a staircase to the Ecumenical Temple.
  5697 | D:6      | Found an ornate altar of the Wu Jian Council.
  5697 | D:6      | Found an ancient bone altar of Kikubaaqudgha.
  5866 | D:7      | Reached ** piety under Dithmenos
  5870 | D:7      | Reached XP level 9. HP: 42/62 MP: 19/19
  6007 | D:7      | Found a transporter.
  6014 | D:7      | Noticed a troll
  6015 | D:7      | Found a bloodstained altar of Trog.
  6015 | D:7      | Noticed Foxy's ghost (novice OgFi)
  6036 | D:7      | Found a transporter.
  6037 | D:7      | Noticed a moth of wrath
  6089 | D:7      | Learned a level 4 spell: Iskenderun's Mystic Blast
  6091 | D:7      | Found Heutehuw's General Store.
  6199 | D:7      | Noticed Maggie
  6248 | D:7      | Reached skill level 1 in Translocations
  6333 | D:7      | Found Ydghokk's Jewellery Shop.
  6553 | D:7      | Found Umeth's Magic Scroll Emporium.
  6563 | D:7      | Bought a scroll of fear for 42 gold pieces
  6563 | D:7      | Bought a scroll of teleportation for 36 gold pieces
  6586 | D:7      | Found a hazy altar of Hepliaklqana.
  7211 | D:7      | Killed Maggie
  7404 | D:8      | Identified the +7 hunting sling of Gin and Tonic {freeze,
                  | rPois MP-9 Dex+2}
  7435 | D:8      | HP: 3/62 [orc priest/divine providence (12)]
  7837 | D:8      | Reached skill level 10 in Conjurations
  7902 | D:8      | Found a staircase to the Lair.
  8246 | D:8      | Noticed Psyche
  8256 | D:8      | Killed Psyche
  8257 | D:8      | Reached XP level 10. HP: 69/69 MP: 22/22
  8262 | D:8      | Noticed Erica
  8272 | D:8      | Killed Erica
  8823 | D:9      | Reached *** piety under Dithmenos
  8873 | D:9      | Found a staircase to the Orcish Mines.
  8910 | D:9      | Found a radiant altar of Vehumet.
  9021 | D:9      | Noticed a cyclops
  9249 | D:9      | Found a large runed translucent door.
  9250 | D:9      | Found a large runed translucent door.
  9258 | D:9      | Noticed a naga warrior
  9265 | D:9      | Noticed a cyclops
  9355 | D:10     | Entered Level 10 of the Dungeon
  9363 | D:10     | Reached skill level 10 in Spellcasting
 10123 | D:10     | Reached skill level 1 in Fighting
 10124 | D:10     | Reached XP level 11. HP: 29/77 MP: 24/25
 10743 | D:10     | Identified a scroll of acquirement
 10744 | D:10     | Acquired Sif Muna's Incunabulum of the Glacial Blaze
 10751 | D:10     | Learned a level 4 spell: Hailstorm
 10755 | D:10     | Learned a level 3 spell: Frozen Ramparts
 11011 | D:11     | Reached skill level 1 in Ice Magic
 11093 | D:11     | Reached **** piety under Dithmenos
 11198 | D:11     | Reached skill level 2 in Ice Magic
 11333 | D:11     | Noticed an orc knight
 11348 | D:11     | Reached skill level 3 in Ice Magic
 11354 | D:11     | Killed an orc knight
 11355 | D:11     | Reached skill level 4 in Ice Magic
 11910 | D:11     | Reached skill level 5 in Ice Magic
 12045 | D:12     | Noticed a purple ugly thing
 12171 | Lair:1   | Entered Level 1 of the Lair of Beasts
 12188 | Lair:1   | Reached skill level 6 in Ice Magic
 12199 | Lair:1   | Reached skill level 7 in Ice Magic
 12457 | Lair:1   | Reached skill level 8 in Ice Magic
 12468 | Lair:1   | Reached skill level 9 in Ice Magic
 12843 | Lair:1   | Reached skill level 10 in Ice Magic
 13270 | Lair:1   | Found a runed translucent door.
 13271 | Lair:1   | Noticed taxman66's ghost (journeyman DrFE)
 13590 | Lair:2   | Acquired the amulet "Emmor" {Reflect rPois Int+2 SH+5
                  | Stlth+}
 13706 | Lair:2   | Reached skill level 11 in Ice Magic
 13895 | Lair:2   | Learned a level 7 spell: Ozocubu's Refrigeration
 13938 | Lair:2   | Found a hole to the Spider Nest.
 13946 | Lair:2   | Reached XP level 12. HP: 83/85 MP: 22/26
 14429 | Lair:2   | Reached ***** piety under Dithmenos
 14430 | Lair:2   | Reached skill level 12 in Ice Magic
 14516 | Lair:2   | Noticed a dire elephant
 14900 | Lair:2   | Killed a dire elephant
 15282 | Lair:3   | Reached skill level 13 in Ice Magic
 15477 | Lair:3   | Found a staircase to the Shoals.
 15898 | Lair:3   | Noticed Urug
 15909 | Lair:3   | Killed Urug
 15910 | Lair:3   | Reached skill level 14 in Ice Magic
 16022 | Lair:3   | Reached skill level 16 in Ice Magic
 16022 | Lair:3   | Reached XP level 13. HP: 91/91 MP: 27/27
 16578 | Lair:3   | You fall into a shaft and drop 1 floor!
 16891 | Lair:4   | Found a dark tunnel.
 16897 | Volcano  | Entered a volcano
 17760 | Volcano  | Found a radiant altar of Vehumet.
 17763 | Volcano  | Reached skill level 5 in Hexes
 17925 | Volcano  | Paralysed by an orc sorcerer for 4 turns
 18100 | Lair:4   | Reached skill level 17 in Ice Magic
 18103 | Lair:4   | Reached XP level 14. HP: 97/105 MP: 13/29
 18347 | Lair:4   | Reached skill level 5 in Fighting
 18679 | Lair:4   | Learned a level 5 spell: Freezing Cloud
 19241 | Lair:5   | Found a runed translucent door.
 19257 | Lair:5   | Identified the +6 trident of a ziggurat {spect, rF+ SInv}
 19258 | Lair:5   | Noticed Dowoeg's ghost (journeyman DjWn)
 19567 | Lair:5   | Reached skill level 5 in Dodging
 19735 | Lair:5   | Reached skill level 1 in Air Magic
 19735 | Lair:5   | Reached skill level 1 in Evocations
 20156 | Lair:5   | Killed Dowoeg's ghost
 20162 | Lair:5   | Reached skill level 1 in Staves
 20460 | D:7      | Bought a scroll of identify for 28 gold pieces
 20460 | D:7      | Bought the +3 Elemental Staff {rElec rF++ rC++ AC+5} for
                  | 1211 gold pieces
 20460 | D:7      | Found the +3 Elemental Staff {rElec rF++ rC++ AC+5}
 20496 | D:7      | Killed Foxy's ghost
 20801 | Lair:6   | Entered Level 6 of the Lair of Beasts
 21465 | Lair:6   | Found a staircase to the Slime Pits.
 21861 | Lair:6   | Reached ****** piety under Dithmenos
 21910 | Lair:6   | Reached skill level 18 in Ice Magic
 22641 | Lair:6   | Reached skill level 5 in Evocations
 23018 | Orc:1    | Entered Level 1 of the Orcish Mines
 23074 | Orc:1    | Reached XP level 15. HP: 115/115 MP: 31/31
 23199 | Orc:1    | Reached skill level 5 in Staves
 23516 | Orc:2    | Entered Level 2 of the Orcish Mines
 24140 | Orc:2    | Found a staircase to the Elven Halls.
 24686 | Orc:2    | Found Zoitagu's Armour Emporium.
 24686 | Orc:2    | Found Urauw Ifuh's Assorted Antiques.
 24815 | Orc:2    | Found Onystr Racwo's Book Emporium.
 24815 | Orc:2    | Found Mylluel's Distillery.
 24830 | Orc:2    | Bought a potion of heal wounds for 70 gold pieces
 24830 | Orc:2    | Bought a potion of curing for 42 gold pieces
 25981 | D:12     | Found a runed translucent door.
 25985 | D:12     | Found the +8 autumn katana {vorpal, manifold assault}
 26084 | D:12     | Found a portal to a secret trove of treasure.
 26491 | D:13     | Identified the +1 robe of Indecent Exposure {rC+ Str+2}
 27383 | D:13     | Identified the +7 broad axe of the Badger {vorpal, *Corrode
                  | rElec rN+ Will+}
 28310 | D:14     | Found a gate to the Vaults.
 28682 | D:14     | Noticed Josephine
 28688 | D:14     | Killed Josephine
 29051 | D:15     | Entered Level 15 of the Dungeon
 29187 | D:15     | Reached skill level 1 in Shields
 29232 | D:15     | Found a staircase to the Depths.
 29491 | D:15     | Noticed Nessos
 29540 | D:15     | Shot with an arrow by Nessos

Illustrated notes

Levels and vault maps discovered:
D:1:      lemuel_arrival_funnel, layout_basic, minmay_fountain_box, st_stairs_9
D:2:      layout_loops_cross, serial_shops, nicolae_lakefront_shop,
          hellmonk_ecumenical_altar_leap_of_faith
D:3:      layout_loops_ring, chequers_temple_overflow_minitemple, uniq_jessica
D:4:      layout_basic, uniq_edmund
D:5:      layout_rooms, uniq_duvessa
D:6:      layout_loops_ring, mainiacjoe_overflow_divided_tiny,
          minmay_temple_entry_trees, uniq_eustachio, uniq_sigmund
D:7:      layout_loops_corners, nicolae_hepliaklqana_hazy_memory, serial_shops,
          shop, shop, nicolae_shop_hallway_plus,
          gammafunk_ghost_wrathful_warriors, st_stairs_9,
          chequers_serial_rivers_room_a, uniq_maggie
D:8:      layout_basic, lair_entry_dummy, uniq_erica, uniq_psyche
D:9:      okawaru_arena_lexackson, layout_rooms, vehumet_altar_wand_db,
          orc_0_dummy, serial_glass, glass_columns_a, glass_columns_c
D:10:     layout_basic, nicolae_underground_beach
D:11:     layout_roguey, special_room [special_room_orc],
          minmay_fractal_squares_gapless_5
D:12:     layout_grid_maze, enter_trove_0, minmay_crystal_box
D:13:     layout_loops_corners, chequers_serial_rivers_small_a,
          columned_hall_lemuel
D:14:     layout_rooms, ximxim_vaults_locker_room, serial_corexii_hall,
          corexii_hall_statues_l, corexii_hall_statues_t,
          corexii_hall_statues_t, argonaut_gorgonesque, uniq_josephine
D:15:     hangedman_depths_entry_try_elsewhere_first, layout_loops_cross,
          chequers_serial_rivers_micro_c, uniq_nessos
Lair:1:   layout_long_grid, ebering_ghost_inner_flame, grunt_megastairs_4
Lair:2:   layout_chaotic_city, nicolae_spider_entry_non_spiders,
          nicolae_lair_grazing_beasts [nicolae_sub_lair_graze_edge,
          nicolae_sub_lair_graze_edge, nicolae_sub_lair_graze_edge,
          nicolae_sub_lair_graze_edge]
Lair:3:   layout_roguey, minmay_shoals_entry_beasts, uniq_urug
Lair:4:   layout_hall_layers, enter_volcano_3, grunt_forest_small_clearings,
          lemuel_fruit_fields
Lair:5:   layout_roguey, ebering_ghost_funeral_grove
Lair:6:   grunt_lair_end_beastmaster, layout_gridlike,
          nicolae_slime_entry_slimehenge
Orc:1:    layout_caves, basic_altar
Orc:2:    st_orc_town, layout_diamond_mine

Skill      XL: |  1  2  3  4  5  6  7  8  9 10 11 12 13 14 15 |
---------------+----------------------------------------------+-----
Hexes          | 1 2 3 4 5 |  5.0
Spellcasting   | 3 4 5 7 8 10 11 12 | 12.9
Conjurations   | 5 6 7 8 10 12 | 12.1
Translocations | 2 3 |  3.0
Fighting       | 1 2 4 6 |  6.1
Dodging        | 2 4 5 |  5.0
Ice Magic      | 11 16 17 18 | 18.0
Air Magic      | 3 |  3.0
Evocations     | 5 9 |  9.0
Staves         | 4 8 |  8.9
Shields        | 1 |  1.9
Stealth        | |  1.7

Action                   |  1- 3 |  4- 6 |  7- 9 | 10-12 | 13-15 || total
-------------------------+-------+-------+-------+-------+-------++-------
Melee: Unarmed           |    53 |       |       |       |       ||    53
       Tailslap          |    11 |     2 |     7 |     4 |    39 ||    63
       Spear             |    47 |     9 |       |       |       ||    56
       Punch             |     2 |       |       |       |       ||     2
       Mace              |       |    42 |    86 |       |       ||   128
       Scimitar          |       |       |       |    41 |    58 ||    99
       Staff             |       |       |       |       |   144 ||   144
Throw: Dart              |       |       |       |     2 |    53 ||    55
       Javelin           |       |       |       |     1 |       ||     1
 Cast: Magic Dart        |    28 |    19 |    36 |    79 |    60 ||   222
       Searing Ray       |     3 |    11 |    47 |    53 |    37 ||   151
       Fulminant Prism   |       |       |     7 |    32 |     6 ||    45
       Iskenderun's Myst |       |       |     2 |    21 |     8 ||    31
       Dazzling Flash    |       |       |     1 |     1 |       ||     2
       Frozen Ramparts   |       |       |       |    24 |    45 ||    69
       Hailstorm         |       |       |       |     7 |     9 ||    16
       Ozocubu's Refrige |       |       |       |     2 |   135 ||   137
       Freezing Cloud    |       |       |       |       |    14 ||    14
 Abil: Breathe Frost     |       |       |     6 |     6 |     3 ||    15
Evoke: Wand              |       |       |       |     2 |     1 ||     3
  Use: Scroll            |     4 |       |     6 |     7 |    14 ||    31
       Potion            |       |       |       |     3 |     3 ||     6
 Stab: Sleeping          |     5 |     1 |     5 |     1 |    11 ||    23
       Distracted        |       |       |       |       |     1 ||     1
Armor: Skin              |    38 |    18 |    75 |    38 |   121 ||   290
Dodge: Dodged            |    53 |    48 |   107 |    76 |   174 ||   458
Block: Orb               |       |       |       |     8 |    33 ||    41
       Buckler           |       |       |       |       |    62 ||    62
       Reflection        |       |       |       |       |     1 ||     1

Table legend: (Time is in decaauts)
 A = Elapsed time spent in this place.
 B = Non-inter-level travel time spent in this place.
 C = Inter-level travel time spent in this place.
 D = Time resting spent in this place.
 E = Time spent auto-exploring this place.
 F = Levels seen in this place.
 G = Mean time per level.
                   A        B        C        D        E       F      G
               +--------+--------+--------+--------+--------+-----+--------+
         Total |  29708 |  28520 |   1188 |  10501 |  13238 |  24 | 1237.8 |
       Dungeon |  16974 |  16262 |    712 |   4865 |   8898 |  15 | 1131.6 |
          Lair |   9231 |   8815 |    416 |   4003 |   3377 |   6 | 1538.5 |
  Orcish Mines |   2301 |   2242 |     59 |    941 |    893 |   2 | 1150.5 |
       Volcano |   1200 |   1200 |      0 |    692 |     69 |   1 | 1200.0 |
               +--------+--------+--------+--------+--------+-----+--------+

Top non-repeatable levels by time:
  Lair:6: 1815 daAuts
  Lair:2: 1779 daAuts
    D:10: 1746 daAuts
   Orc:2: 1615 daAuts
     D:8: 1614 daAuts
  Lair:5: 1559 daAuts
     D:7: 1541 daAuts
  Lair:3: 1508 daAuts
    D:13: 1439 daAuts
  Lair:1: 1300 daAuts
    D:14: 1298 daAuts
  Lair:4: 1268 daAuts
     D:5: 1250 daAuts
 Volcano: 1200 daAuts
     D:6: 1156 daAuts
